 Dungeon Crawl Stone Soup version 0.20-a0-1109-ge3cd172 (webtiles) character file.

95 Monsterracer the Changer (level 4, 0/21 HPs)
             Began as a Vine Stalker Transmuter on May 5, 2017.
             Slain by an orc
             ... wielding a cursed -1 trident
              (3 damage)
             ... on level 3 of the Dungeon.
             The game lasted 00:05:17 (2240 turns).

Monsterracer the Changer (Vine Stalker Transmuter)  Turns: 2240, Time: 00:05:17

Health: 0/21       AC:  6    Str: 12    XL:     4   Next: 66%
Magic:  0/8        EV: 12    Int: 14    God:
Gold:   94         SH:  0    Dex: 15    Spells: 2/7 levels left

rFire    . . .     SeeInvis .     - Unarmed
rCold    . . .     Gourm    .   (no shield)
rNeg     . . .     Faith    .   b - +0 robe
rPois    .         Spirit   +   (no helmet)
rElec    .         Reflect  .   a - +0 cloak
rCorr    .         Harm     .   (no gloves)
MR       .....     Clarity  +   (boots currently unavailable)
Stlth    ..........             (no amulet)
Regen    0.5/turn               e - ring of loudness (curse)
MPRegen  0.2/turn               k - ring of wizardry

@: appendage
A: fangs 2, talons 3, rugged brown scales 1, slimy green scales 1, blurry vision
1, clarity, regeneration 1, magic shield, antimagic bite, no potion heal 3, rot
immunity
a: End Transformation


You were on level 3 of the Dungeon.
You were hungry.
You had grown temporary talons.
You visited 1 branch of the dungeon, and saw 3 of its levels.

You collected 94 gold pieces.

Inventory:

Armour
 a - a +0 cloak (worn)
 b - a +0 robe (worn)
Jewellery
 e - a cursed ring of loudness (left hand)
 k - a ring of wizardry (right hand)
Scrolls
 f - 2 scrolls of identify
Potions
 h - a potion of curing
Books
 c - a book of Changes

   Spells                             Type                      Level
   a - Beastly Appendage              Transmutation                1
   b - Sticks to Snakes               Transmutation                2
   c - Spider Form                    Transmutation/Poison         3
   d - Ice Form                       Ice/Transmutation            4
   e - Blade Hands                    Transmutation                5
Comestibles
 d - 2 bread rations


   Skills:
 - Level 0.8 Fighting
 - Level 1.5 Dodging
 + Level 3.7 Unarmed Combat
 - Level 2.1 Spellcasting
 * Level 4.1 Transmutations


You had 2 spell levels left.
You knew the following spells:

 Your Spells              Type           Power        Failure   Level  Hunger
a - Beastly Appendage     Tmut           ##....       1%          1    #......
b - Ice Form              Ice/Tmut       #.......     36%         4    #####..


Dungeon Overview and Level Annotations

Branches:
Dungeon (3/15)

Altars:
Qazlal
Yredelemnul


Innate Abilities, Weirdness & Mutations

You have extremely sharp teeth.
Your natural rate of healing is unusually fast.
When hurt, damage is shared between your health and your magic reserves.
Your bite disrupts and absorbs the magic of your enemies.
Potions cannot restore your health.
You are immune to rotting.
You have claws for feet.
You are partially covered in rugged brown scales. (AC +1, +3% HP)
You are partially covered in slimy green scales. (AC +2)
Scrolls take you a little longer to read.
You possess an exceptional clarity of mind.


Message History

You barely miss the orc. Your kick misses the orc. Your bite misses the orc.
The orc misses you.
You closely miss the orc. Your kick misses the orc.
You bite the orc, but do no damage. The orc misses you.
You hit the orc. You bite the orc, but do no damage.
The orc is lightly wounded.
The orc hits you with an enchanted trident.
You hit the orc. You claw the orc, but do no damage.
The orc is moderately wounded.
The orc misses you.
You closely miss the orc. Your bite misses the orc.
The orc is moderately wounded.
The orc hits you with an enchanted trident!
* * * LOW HITPOINT WARNING * * *
You hit the orc. Your kick misses the orc. Your bite misses the orc.
The orc is heavily wounded.
You hit the orc but do no damage. Your kick misses the orc.
The orc is heavily wounded.
The orc hits you with an enchanted trident.
You die...

#####.#..####..##
#.# .# #.###.#
#...## #.# .#
##.#.#####..#.##
#.# .# ##.##
#...###.## ...
#.# #..## ##.#
..# #.#
#.#.###.## .##
#.# #. #.#.## #.#
#. #.## #.# #@#
#.# #o....# #.#
#........
#........
......### ......#
#...... #.#.####


You could see an orc.

Vanquished Creatures
  A worker ant (D:3)
  An ooze (D:1)
  A dart slug (D:3)
  3 leopard geckos
  4 orcs (D:3)
  5 bats
  A giant cockroach (D:2)
  9 goblins
  5 hobgoblins
  8 jackals (D:2)
  5 kobolds
  A frilled lizard (D:2)
  9 rats
53 creatures vanquished.

Notes
Turn   | Place    | Note
-------+----------+-------------------------------------------
     0 | D:1      | Monsterracer the Vine Stalker Transmuter began the quest for the Orb.
     0 | D:1      | Reached XP level 1. HP: 9/9 MP: 4/4
    91 | D:1      | Gained mutation: You are partially covered in rugged brown scales. (AC +1, +3% HP) [potion of mutation]
    91 | D:1      | Gained mutation: You are partially covered in slimy green scales. (AC +2) [potion of mutation]
    91 | D:1      | Gained mutation: Scrolls take you a little longer to read. [potion of mutation]
    91 | D:1      | Gained mutation: You possess an exceptional clarity of mind. [potion of mutation]
   304 | D:1      | Reached XP level 2. HP: 14/14 MP: 6/6
   836 | D:2      | Reached XP level 3. HP: 17/17 MP: 7/7
   838 | D:2      | Reached skill level 3 in Transmutations
   940 | D:2      | Found a stormy altar of Qazlal.
  1045 | D:2      | Noticed an air elemental
  1048 | D:2      | Noticed a fire elemental
  1048 | D:2      | Noticed a water elemental
  1048 | D:2      | Noticed an earth elemental
  1476 | D:2      | Found a basalt altar of Yredelemnul.
  1907 | D:3      | Gained mutation: Your natural rate of healing is unusually fast. [Vine Stalker growth]
  1907 | D:3      | Reached XP level 4. HP: 21/21 MP: 8/8
  1918 | D:3      | Learned a level 4 spell: Ice Form
  1999 | D:3      | Reached skill level 4 in Transmutations
  2240 | D:3      | Slain by an orc

Vault maps used:
D:1:      grunt_arrival_crossed_arrows
D:2:      overflow_temple_1_default, nicolae_qazlal_style_of_elements
D:3:      minmay_diamond_boxcup, first_bread

Skill      XL: |  1  2  3  4 |
---------------+-------------+-----
Transmutations | 3 4 |  4.1
Fighting       | |  0.8
Dodging        | |  1.5
Unarmed Combat | |  3.7
Spellcasting   | |  2.1

Action                   |  1- 3 |  4- 6 || total
-------------------------+-------+-------++-------
Melee: Unarmed           |   154 |    52 ||   206
       Bite              |    29 |    10 ||    39
       Kick              |     4 |     9 ||    13
       Headbutt          |     3 |       ||     3
 Cast: Beastly Appendage |     4 |     4 ||     8
  Use: Potion            |     3 |       ||     3
       Scroll            |     4 |     1 ||     5
  Eat: Chunk             |     3 |     1 ||     4
Armor: Robe              |    44 |    10 ||    54
Dodge: Dodged            |   101 |    26 ||   127
